 Dungeon Crawl Stone Soup version 0.31.0-9-g3a7656b989 (console) character file.

Game seed: 2759608008104306791

213 Colgate the Trooper (level 5, -1/48 HPs)
             Began as a Minotaur Fighter on Jan 24, 2024.
             Killed by divine providence
             ... invoked by an orc priest
              (15 damage)
             ... on level 4 of the Dungeon.
             The game lasted 00:02:32 (2827 turns).

Colgate the Trooper (Minotaur Fighter)              Turns: 2827, Time: 00:02:32

Health: -1/48      AC: 12    Str: 23    XL:     5   Next: 59%
Magic:  4/4        EV:  6    Int:  5    God:
Gold:   196        SH:  4    Dex:  9    Spells: 4/4 levels left

rFire   . . .        a - +0 war axe
rCold   . . .        c - +0 buckler
rNeg    . . .        q - +0 plate armour
rPois   .            (helmet restricted)
rElec   .            (no cloak)
rCorr   .            (no gloves)
SInv    .            (no boots)
Will    .....        (no amulet) Stlth
                     (no ring)
HPRegen 0.28/turn    (no ring)
MPRegen 0.09/turn

%: no passive effects
@: no status effects
A: horns 2, retaliatory headbutt
a: no special abilities


You were on level 4 of the Dungeon.
You visited 1 branch of the dungeon, and saw 4 of its levels.

You collected 196 gold pieces.

Inventory:

Hand Weapons
 a - a +0 war axe (weapon)
Armour
 b - a +0 scale mail
 c - a +0 buckler (worn)
 q - a +0 plate armour (worn)
Jewellery
 g - an amulet of reflection
 m - an amulet of guardian spirit
 t - a ring of willpower
Scrolls
 f - 3 scrolls of vulnerability {unknown}
 h - 6 scrolls of identify {unknown}
 i - a scroll of amnesia {unknown}
 j - a scroll of acquirement {unknown}
 k - a scroll of enchant armour {unknown}
 l - 2 scrolls of butterflies {unknown}
 n - a scroll of poison {unknown}
 p - a scroll of fog {unknown}
 r - a scroll of silence {unknown}
 u - a scroll of revelation {unknown}
 w - a scroll of teleportation {unknown}
Potions
 d - 2 potions of might {@q3}
 e - a potion of berserk rage {unknown}
 o - a potion of cancellation {unknown}
 s - a potion of heal wounds {unknown}
 v - a potion of curing {unknown}
 x - a potion of lignification {unknown}


   Skills:
 + Level 5.0 Fighting
 + Level 4.1 Axes
 + Level 4.9 Armour
 + Level 4.9 Shields


You had 4 spell levels left.
You didn't know any spells.
Your spell library was empty.

Dungeon Overview and Level Annotations

Branches:
Dungeon (4/15)
 Temple: D:4-7

Altars:


Innate Abilities, Weirdness & Mutations

You have a pair of horns on your head.
You reflexively headbutt those who attack you in melee.


Message History

You hit the hound but do no damage. You slash the jackal!
You kill the jackal!
You hit the ogre but do no damage. The hound bites you but does no damage.
The orc priest closely misses you. You block the hound's attack.
The ogre hits you with a +0 giant spiked club.
An orc priest comes into view.
It is wielding a +2 antimagic short sword.
There are monsters nearby!
You closely miss the hound. You headbutt the hound.
You kill the hound!
You hit the ogre.
The orc priest hits you but does no damage.
The ogre hits you with a +0 giant spiked club!
The orc priest mumbles some strange prayers to Beogh against you.
Beogh smites you! The orc hits you with a +0 whip.
There are monsters nearby!
You are too injured to fight recklessly!
There are monsters nearby!
You are too injured to fight recklessly!
There are monsters nearby!
You are too injured to fight recklessly!
There are monsters nearby!
You are too injured to fight recklessly!
There are monsters nearby!
You are too injured to fight recklessly!
There are monsters nearby!
You are too injured to fight recklessly!
There are monsters nearby!
You barely miss the ogre. You headbutt the ogre. You miss the adder.
You completely miss the orc. The adder closely misses you.
You furiously retaliate!
You headbutt the adder!
You kill the adder!
The orc priest hits you from afar with a +0 trident.
* * * LOW HITPOINT WARNING * * *
A shadow imp comes into view.
The orc hits you but does no damage.
The orc priest looks encouraged for a moment.
The ogre barely misses you. You furiously retaliate!
You headbutt the ogre!
Your Fighting skill increases to level 5!
You barely miss the ogre. You slash the orc!
You kill the orc!
The orc priest mumbles some strange prayers to Beogh against you.
Beogh smites you!
You die...

#.#.# #.# #.#.###.###
#.#.#.....# #
#.#.#.###.# # #.#...#
#.# # #.###.###.# #
#.[##.....# #
##.####.#.###### # #.#
#.........# ####### #
#.#
########''########...†.#
# #.#
≈≈≈≈≈≈.@≈§§≈≈≈≈#.###.###
#.#
......†oO§.§..≈#......##
#.#
.8##8...o8##8.≈#.###..##
#.# ##..oo## .≈#.###..#.
#.# #....# #......#. #.#
8...o8 #####..#. #.#
........ #.... #.#
.(...!.5. #.... #.#
#.... #.### #####....
#...# #.....##.


You could see an ogre, 2 orc priests, a shadow imp and 3 orcs.

Vanquished Creatures
  A bombardier beetle (D:4)
  A hound (D:4)
  An iguana (D:4)
  4 adders
  8 dart slugs
  A ribbon worm (D:4)
  2 orcs
  6 ball pythons
  An endoplasm (D:3)
  3 giant cockroaches (D:1)
  6 hobgoblins
  10 jackals
  5 kobolds
  5 quokkas
  2 bats (D:1)
  6 frilled lizards
  7 goblins
  2 rats
71 creatures vanquished.

Notes
Turn   | Place    | Note
-------+----------+-------------------------------------------
     0 | D:1      | Colgate the Minotaur Fighter began the quest for the Orb.
     0 | D:1      | Reached XP level 1. HP: 19/19 MP: 0/0
   115 | D:1      | Reached XP level 2. HP: 26/27 MP: 1/1
   198 | D:1      | Reached skill level 4 in Fighting
   262 | D:1      | Reached XP level 3. HP: 31/31 MP: 2/2
  1157 | D:3      | Reached XP level 4. HP: 36/41 MP: 3/3
  2493 | D:4      | Reached XP level 5. HP: 26/47 MP: 4/4
  2817 | D:4      | Noticed an ogre
  2827 | D:4      | Reached skill level 5 in Fighting
  2827 | D:4      | Killed from afar by an orc priest

Illustrated notes

Levels and vault maps discovered:
D:1:      ncdulo_halloftheorcs, layout_basic, minmay_tall_x
D:2:      layout_basic, serial_co_window_serial, co_window_paths_a,
          co_window_of_opportunity_a, co_window_paths_a, co_window_paths_a,
          co_window_paths_a, co_window_cross_3, co_window_2corner,
          co_window_broadway_a, co_window_unsneaky_path_a,
          co_window_unsneaky_path_c, co_window_corner_cb, minmay_diced_spiral
D:3:      layout_basic, minmay_door_square
D:4:      minmay_chambers_of_threes, layout_loops_ring,
          nicolae_ossuary_entry_false_entrances, kennysheep_dice

Skill      XL: |  1  2  3  4  5 |
---------------+----------------+-----
Fighting       | 4 5 |  5.0
Shields        | 4 |  4.9
Axes           | 3 4 |  4.1
Armour         | 4 |  4.9

Action                     |  1- 3 |  4- 6 || total
---------------------------+-------+-------++-------
  Melee: War axe           |    96 |    54 ||   150
         Headbutt          |    16 |     7 ||    23
   Stab: Distracted        |     1 |       ||     1
 Armour: Scale mail        |    51 |       ||    51
         Plate armour      |    23 |    60 ||    83
  Dodge: Dodged            |    37 |    13 ||    50
  Block: Buckler           |    16 |     8 ||    24
